 Dungeon Sprint DCSS version 0.27.1-3-gb3d3a73c9e (webtiles) character file.

Game seed: 15923540484952119243

6000000 Eitelfritz the Intangible (level 27, -2/249 HPs)
             Began as a Demonspawn Gladiator on Oct 22, 2021.
             Was the Champion of Makhleb.
             Slain by The Servant (140 damage)
             ... in the Dungeon (Sprint VIII: "Arena of Blood").
             The game lasted 00:06:17 (60 turns).

Eitelfritz the Intangible (Demonspawn Gladiator)      Turns: 60, Time: 00:06:21

Health: -2/249     AC:  6    Str: 17    XL:     27
Magic:  27/49      EV: 35    Int: 12    God:    Makhleb [******]
Gold:   0          SH:  0    Dex: 23    Spells: 71/71 levels left

rFire    . . .     SeeInvis +   a - +∞ Axe of Woe
rCold    . . .     Faith    .   (shield currently unavailable)
rNeg     . . .     Spirit   .   b - +0 leather armour
rPois    .         Reflect  .   (helmet unavailable)
rElec    .         Harm     .   (no cloak)
rCorr    .         Rampage  .   (gloves unavailable)
Will     ++...     NoTele   +   (boots unavailable)
Stlth    +++++++++.             (no amulet)
HPRegen  0.51/turn              (no ring)
MPRegen  0.31/turn              (no ring)

@: slowed, very slow
A: antennae 3, claws 3, talons 3, foul stench 3, spiny 3, black mark,
bedeviling, aura of silence
a: Renounce Religion, Minor Destruction, Lesser Servant of Makhleb, Major
Destruction, Greater Servant of Makhleb


You were in the Dungeon.
You worshipped Makhleb.
Makhleb was exalted by your worship.
You visited 1 branch

Inventory:

Hand Weapons
 a - the +∞ Axe of Woe (weapon)
   (You found it in the Dungeon)
 k - a +0 war axe
Missiles
 d - 3 throwing nets (quivered)
Armour
 b - a +0 leather armour (worn)
 c - a +0 helmet
Scrolls
 j - a scroll of blinking
Potions
 e - a potion of curing
 f - a potion of heal wounds
 g - a potion of haste
 h - 2 potions of magic
 i - a potion of berserk rage


   Skills:
 O Level 27 Fighting
 + Level 22.5(25.7) Short Blades
 + Level 22.5(25.7) Long Blades
 O Level 27 Axes
 + Level 22.5(27) Maces & Flails
 + Level 22.5(27) Polearms
 + Level 22.5(27) Staves
 + Level 22.5(27) Slings
 + Level 22.5 Bows
 + Level 22.5 Crossbows
 O Level 27 Throwing
 O Level 27 Armour
 O Level 27 Dodging
 + Level 24.1 Stealth
 + Level 22.5 Shields
 + Level 22.5 Unarmed Combat
 + Level 22.5 Spellcasting
 + Level 25.4 Conjurations
 + Level 24.1 Hexes
 + Level 24.1 Summonings
 + Level 25.9 Necromancy
 + Level 22.5 Translocations
 + Level 22.5 Transmutations
 + Level 22.5 Fire Magic
 + Level 22.5 Ice Magic
 + Level 22.5 Air Magic
 + Level 23.7 Earth Magic
 + Level 25.4 Poison Magic
 O Level 27 Invocations
 + Level 25.4 Evocations


You had 71 spell levels left.
You didn't know any spells.
Your spell library was empty.

Dungeon Overview and Level Annotations

Branches:
Dungeon (1/1)

Altars:
Makhleb

Annotations:
D The Servant


Innate Abilities, Weirdness & Mutations

You have a pair of large antennae on your head. (SInv)
You have claws for hands.
You have claws for feet.
You frequently emit foul miasma when damaged in melee.
You are completely covered in sharp spines.
Your melee attacks may debilitate your foes.
Your hexes are more powerful.
You are surrounded by an aura of silence.


Message History

You slaughter the bag of meat joyfully.
You kill the bag of meat!
Makhleb accepts your kill.
You hear a shout! x10
The destroyer blinks!
Your Conjurations skill increases to level 25!
Your Poison Magic skill increases to level 25!
Your Evocations skill increases to level 25!
You slice the bag of meat!!
You pulverise the bag of meat into a thin bloody mist.
You kill the bag of meat!
Makhleb accepts your kill.
You slice the bag of meat!!
You slaughter the bag of meat joyfully.
You kill the bag of meat!
Makhleb accepts your kill.
You feel better.
You hear a shout! x7
The destroyer is engulfed in blazing flames.
The destroyer blinks!
You hear a shout! x4
Your Stealth skill increases to level 24!
Your Hexes skill increases to level 24!
Your Summonings skill increases to level 24!
Press: ? - help, v - describe, . - travel
Here: The Servant, wielding a +9 glaive of flaming and wearing a +130 ring of slaying (lightly wounded, lightly drained)
The floor, spattered with blood.
Unknown command.
You hear a shout! x2
A meat berserker comes into view. It is wielding a +9 battleaxe.
You hear a shout!
The Servant is struck by your spines.
The Servant hits you with a +9 glaive of flaming!!!
The Servant burns you!
The destroyer blinks!
You hear a shout! x4
A meat berserker comes into view. It is wielding a +9 battleaxe.
You hear a shout!
The Servant is struck by your spines.
The Servant hits you with a +9 glaive of flaming!!!!
Ouch! That really hurt!
You die...

..................
.......#.#.......
...............####.
....................
.......)............
.......))))§........
........§.)§o.......
..#.....§{#)V@......
#....)o.#.@.......
.###...o.).###°......
......###)...........
......)O.)...........
....#.....#.......#.#
....#_.<._#...O......
.. #{....#....z.#.#.
....o_......O.....
..o...###........


You could see The Servant (drained), a destroyer, a sculptor of flesh, 2 meat
berserkers and a bag of meat.

Vanquished Creatures
  A royal mummy (D)
  6 vampire knights (D)
  19 ogres (D)
  4 two-headed ogres (D)
  46 orcs (D)
  A skeletal warrior (D)
77 creatures vanquished.

Notes
Turn   | Place    | Note
-------+----------+-------------------------------------------
     0 | D        | Found the +∞ Axe of Woe
     0 | D        | Eitelfritz the Demonspawn Gladiator began the quest for the
                  | Orb.
     0 | D        | Reached XP level 1. HP: 16/16 MP: 1/1
     3 | D        | Noticed a meat berserker
     4 | D        | Became a worshipper of Makhleb the Destroyer
     4 | D        | Noticed a meat berserker
     5 | D        | Killed a meat berserker
     6 | D        | Reached skill level 10 in Throwing
     6 | D        | Gained mutation: You have sharp fingernails. [demonic
                  | ancestry]
     6 | D        | Reached XP level 2. HP: 39/39 MP: 2/2
     6 | D        | Reached XP level 3. HP: 45/45 MP: 3/3
     6 | D        | Gained mutation: You are partially covered in sharp spines.
                  | [demonic ancestry]
     6 | D        | Reached XP level 4. HP: 52/52 MP: 4/4
     6 | D        | Gained mutation: You have sharp toenails. [demonic
                  | ancestry]
     6 | D        | Reached XP level 5. HP: 58/58 MP: 5/5
     6 | D        | Reached XP level 6. HP: 65/65 MP: 6/6
     6 | D        | Gained mutation: You have a pair of small antennae on your
                  | head. [demonic ancestry]
     6 | D        | Reached XP level 7. HP: 71/71 MP: 7/7
     6 | D        | Gained mutation: You have razor-sharp toenails. [demonic
                  | ancestry]
     6 | D        | Reached XP level 8. HP: 77/77 MP: 8/8
     6 | D        | Gained mutation: You have a pair of antennae on your head.
                  | [demonic ancestry]
     6 | D        | Reached XP level 9. HP: 83/83 MP: 9/9
     6 | D        | Gained mutation: You are mostly covered in sharp spines.
                  | [demonic ancestry]
     6 | D        | Reached XP level 10. HP: 90/90 MP: 10/10
     6 | D        | Gained mutation: You may rarely emit foul miasma when
                  | damaged in melee. [demonic ancestry]
     6 | D        | Reached XP level 11. HP: 96/96 MP: 11/11
     6 | D        | Reached XP level 12. HP: 103/103 MP: 12/12
     6 | D        | Gained mutation: You sometimes emit foul miasma when
                  | damaged in melee. [demonic ancestry]
     6 | D        | Reached XP level 13. HP: 109/109 MP: 13/13
     6 | D        | Noticed a meat berserker
     7 | D        | Killed a meat berserker
     7 | D        | Reached * piety under Makhleb
     7 | D        | Noticed a bag of meat
     7 | D        | Noticed a bag of meat
     8 | D        | Gained mutation: You have a pair of large antennae on your
                  | head. (SInv) [demonic ancestry]
     8 | D        | Reached XP level 14. HP: 120/120 MP: 14/14
     8 | D        | Noticed a bag of meat
     8 | D        | Noticed a bag of meat
    10 | D        | Noticed a meat berserker
    11 | D        | Killed a meat berserker
    11 | D        | Killed a bag of meat
    11 | D        | Killed a meat berserker
    11 | D        | Reached ** piety under Makhleb
    12 | D        | Reached XP level 15. HP: 136/136 MP: 15/15
    12 | D        | Gained mutation: You have very sharp fingernails. [demonic
                  | ancestry]
    12 | D        | Reached XP level 16. HP: 143/143 MP: 16/16
    12 | D        | Noticed a meat berserker
    12 | D        | Noticed a meat berserker
    13 | D        | Noticed a meat berserker
    14 | D        | Noticed a large bag of meat
    16 | D        | Killed a meat berserker
    16 | D        | Killed a meat berserker
    17 | D        | Reached skill level 27 in Axes
    17 | D        | Reached skill level 27 in Dodging
    17 | D        | Gained mutation: Your hexes are more powerful. [demonic
                  | ancestry]
    17 | D        | Reached XP level 17. HP: 168/168 MP: 17/17
    17 | D        | Reached *** piety under Makhleb
    19 | D        | Reached skill level 27 in Fighting
    19 | D        | Killed a meat berserker
    19 | D        | Reached **** piety under Makhleb
    19 | D        | Noticed a destroyer
    20 | D        | Reached skill level 27 in Throwing
    20 | D        | Reached XP level 18. HP: 182/182 MP: 18/18
    22 | D        | Gained mutation: You have claws for hands. [demonic
                  | ancestry]
    22 | D        | Reached XP level 19. HP: 189/189 MP: 19/19
    22 | D        | Noticed a destroyer
    23 | D        | Reached ***** piety under Makhleb
    23 | D        | Killed a large bag of meat
    23 | D        | Noticed a meat berserker
    24 | D        | Reached skill level 27 in Armour
    25 | D        | Reached skill level 5 in Stealth
    25 | D        | Reached skill level 5 in Conjurations
    25 | D        | Reached skill level 5 in Hexes
    25 | D        | Reached skill level 5 in Summonings
    25 | D        | Reached skill level 5 in Necromancy
    25 | D        | Reached skill level 5 in Poison Magic
    25 | D        | Reached skill level 5 in Evocations
    25 | D        | Gained mutation: You have claws for feet. [demonic
                  | ancestry]
    25 | D        | Reached XP level 20. HP: 170/197 MP: 19/27
    25 | D        | Noticed a destroyer
    26 | D        | Noticed a destroyer
    27 | D        | Noticed a large bag of meat
    27 | D        | Noticed a meat berserker
    28 | D        | Noticed a meat berserker
    28 | D        | Reached ****** piety under Makhleb
    28 | D        | Killed a meat berserker
    29 | D        | Reached skill level 10 in Necromancy
    29 | D        | Gained mutation: Your melee attacks may debilitate your
                  | foes. [demonic ancestry]
    29 | D        | Reached XP level 21. HP: 181/204 MP: 19/33
    29 | D        | Killed a destroyer
    29 | D        | Noticed a large bag of meat
    30 | D        | Reached skill level 10 in Short Blades
    30 | D        | Reached skill level 10 in Long Blades
    30 | D        | Reached skill level 10 in Maces & Flails
    30 | D        | Reached skill level 10 in Polearms
    30 | D        | Reached skill level 10 in Staves
    30 | D        | Reached skill level 10 in Slings
    30 | D        | Reached skill level 10 in Bows
    30 | D        | Reached skill level 10 in Crossbows
    30 | D        | Reached skill level 10 in Stealth
    30 | D        | Reached skill level 10 in Shields
    30 | D        | Reached skill level 10 in Unarmed Combat
    30 | D        | Reached skill level 10 in Spellcasting
    30 | D        | Reached skill level 10 in Conjurations
    30 | D        | Reached skill level 10 in Hexes
    30 | D        | Reached skill level 10 in Summonings
    30 | D        | Reached skill level 10 in Translocations
    30 | D        | Reached skill level 10 in Transmutations
    30 | D        | Reached skill level 10 in Fire Magic
    30 | D        | Reached skill level 10 in Ice Magic
    30 | D        | Reached skill level 10 in Air Magic
    30 | D        | Reached skill level 10 in Earth Magic
    30 | D        | Reached skill level 10 in Poison Magic
    30 | D        | Reached skill level 10 in Evocations
    30 | D        | Killed a destroyer
    30 | D        | Noticed a destroyer
    31 | D        | Reached skill level 15 in Invocations
    31 | D        | Reached XP level 22. HP: 212/212 MP: 20/37
    32 | D        | Killed a destroyer
    35 | D        | Reached skill level 15 in Necromancy
    35 | D        | Reached XP level 23. HP: 219/219 MP: 20/40
    36 | D        | Reached skill level 15 in Stealth
    36 | D        | Reached skill level 15 in Conjurations
    36 | D        | Reached skill level 15 in Hexes
    36 | D        | Reached skill level 15 in Summonings
    36 | D        | Reached skill level 15 in Poison Magic
    36 | D        | Reached skill level 15 in Evocations
    37 | D        | Reached XP level 24. HP: 227/227 MP: 21/41
    37 | D        | Killed a large bag of meat
    37 | D        | Noticed a large bag of meat
    38 | D        | Reached skill level 15 in Short Blades
    38 | D        | Reached skill level 15 in Long Blades
    38 | D        | Reached skill level 15 in Maces & Flails
    38 | D        | Reached skill level 15 in Polearms
    38 | D        | Reached skill level 15 in Staves
    38 | D        | Reached skill level 15 in Slings
    38 | D        | Reached skill level 15 in Bows
    38 | D        | Reached skill level 15 in Crossbows
    38 | D        | Reached skill level 15 in Shields
    38 | D        | Reached skill level 15 in Unarmed Combat
    38 | D        | Reached skill level 15 in Spellcasting
    38 | D        | Reached skill level 15 in Translocations
    38 | D        | Reached skill level 15 in Transmutations
    38 | D        | Reached skill level 15 in Fire Magic
    38 | D        | Reached skill level 15 in Ice Magic
    38 | D        | Reached skill level 15 in Air Magic
    38 | D        | Reached skill level 15 in Earth Magic
    40 | D        | Gained mutation: You frequently emit foul miasma when
                  | damaged in melee. [demonic ancestry]
    40 | D        | Reached XP level 25. HP: 224/234 MP: 21/43
    41 | D        | Killed a large bag of meat
    42 | D        | Reached skill level 27 in Invocations
    43 | D        | Noticed a destroyer
    44 | D        | Gained mutation: You are surrounded by an aura of silence.
                  | [demonic ancestry]
    44 | D        | Reached XP level 26. HP: 234/242 MP: 22/44
    44 | D        | Noticed an accursed
    47 | D        | Killed a destroyer
    48 | D        | Killed a large bag of meat
    49 | D        | Gained mutation: You are completely covered in sharp
                  | spines. [demonic ancestry]
    49 | D        | Reached XP level 27. HP: 207/249 MP: 23/45
    50 | D        | Noticed a destroyer
    51 | D        | Killed an accursed
    52 | D        | Killed a destroyer
    53 | D        | Killed a destroyer
    55 | D        | Noticed The Servant
    55 | D        | Noticed a destroyer
    60 | D        | Slain by The Servant

Illustrated notes

Levels and vault maps discovered:
D:        meatsprint

Skill      XL: |  1  2  3  4  5  6  7  8  9 10 11 12 13 14 15 16 17 18 19 20 21 22 23 24 25 26 27 |
---------------+----------------------------------------------------------------------------------+-----
Fighting       | 12 14 17 24 27 | 27.0
Axes           | 19 22 26 27 | 27.0
Throwing       | 10 12 14 19 27 | 27.0
Dodging        | 18 21 25 27 | 27.0
Armour         | 13 21 27 | 27.0
Short Blades   | 4 8 11 13 14 16 17 18 22 | 22.5
Long Blades    | 4 8 11 13 14 16 17 18 22 | 22.5
Maces & Flails | 4 8 11 13 14 16 17 18 22 | 22.5
Polearms       | 4 8 11 13 14 16 17 18 22 | 22.5
Staves         | 4 8 11 13 14 16 17 18 22 | 22.5
Slings         | 4 8 11 13 14 16 17 18 22 | 22.5
Bows           | 4 8 11 13 14 16 17 18 22 | 22.5
Crossbows      | 4 8 11 13 14 16 17 18 22 | 22.5
Stealth        | 5 9 12 14 16 17 18 20 24 | 24.1
Shields        | 4 8 11 13 14 16 17 18 22 | 22.5
Unarmed Combat | 4 8 11 13 14 16 17 18 22 | 22.5
Spellcasting   | 4 8 11 13 14 16 17 18 22 | 22.5
Conjurations   | 5 9 12 14 16 17 19 20 25 | 25.4
Hexes          | 5 9 12 14 16 17 18 20 24 | 24.1
Summonings     | 5 9 12 14 16 17 18 20 24 | 24.1
Necromancy     | 5 10 13 15 17 18 20 21 25 | 25.9
Translocations | 4 8 11 13 14 16 17 18 22 | 22.5
Transmutations | 4 8 11 13 14 16 17 18 22 | 22.5
Fire Magic     | 4 8 11 13 14 16 17 18 22 | 22.5
Ice Magic      | 4 8 11 13 14 16 17 18 22 | 22.5
Air Magic      | 4 8 11 13 14 16 17 18 22 | 22.5
Earth Magic    | 4 8 11 13 14 16 17 19 23 | 23.7
Poison Magic   | 5 9 12 14 16 17 19 20 25 | 25.4
Invocations    | 7 11 15 17 19 21 27 | 27.0
Evocations     | 5 9 12 14 16 17 19 20 25 | 25.4

Action                   |  1- 3 |  4- 6 |  7- 9 | 10-12 | 13-15 | 16-18 | 19-21 | 22-24 | 25-27 || total
-------------------------+-------+-------+-------+-------+-------+-------+-------+-------+-------++-------
Melee: Executioner's axe |     1 |       |       |       |     2 |     5 |     7 |     8 |    17 ||    40
Invok: Greater Servant o |       |       |       |       |       |       |       |       |     1 ||     1
       Major Destruction |       |       |       |       |       |       |       |       |     2 ||     2
Dodge: Dodged            |       |       |       |       |       |       |       |     1 |     1 ||     2
